 Dungeon Crawl Stone Soup version 0.26.1-11-gd32895ea62 (webtiles) character file.

Game seed: 6043290077920877544

7896 DildoBatman the Black Sun (level 11, -13/79 HPs)
             Began as a Formicid Conjurer on May 15, 2021.
             Was a High Priest of Kikubaaqudgha.
             Hit by a large rock thrown by a stone giant (31 damage)
             ... on level 1 of the Orcish Mines.
             The game lasted 00:39:36 (8564 turns).

DildoBatman the Black Sun (Formicid Conjurer)       Turns: 8564, Time: 00:39:37

Health: -13/79     AC:  7    Str: 11    XL:     11   Next: 45%
Magic:  18/30      EV: 16    Int: 22    God:    Kikubaaqudgha [*****.]
Gold:   515        SH:  0    Dex:  9    Spells: 6/24 levels left

rFire    + . .     SeeInvis +   a - +7 hand axe "Fefateyd" {vorpal, +Inv rPois Stlth-}
rCold    + . .     Faith    +   (no shield)
rNeg     . . .     Spirit   .   y - +1 robe {rC+ rF+}
rPois    +         Reflect  .   (helmet unavailable)
rElec    .         Harm     .   H - +0 cloak
rCorr    .         Rampage  .   G - +0 pair of gloves
Will     +....                  I - +0 pair of boots (curse)
Stlth    +.........             A - amulet of faith
HPRegen  0.23/turn              u - +4 ring of evasion (curse)
MPRegen  0.22/turn              J - ring of magical power

@: no status effects
A: permanent stasis, dig shafts and tunnels, four strong arms, antennae 3,
talons 1, sense surroundings 1, wild magic 2
a: Dig, Shaft Self, Renounce Religion, Evoke Invisibility, Receive Corpses,
Torment


You were on level 1 of the Orcish Mines.
You worshipped Kikubaaqudgha.
Kikubaaqudgha was extremely pleased with you.
You visited 3 branches of the dungeon, and saw 11 of its levels.
You also visited: Sewer.

You collected 515 gold pieces.

Inventory:

Hand Weapons
 a - the +7 hand axe "Fefateyd" (weapon) {vorpal, +Inv rPois Stlth-}
   (You found it on level 4 of the Dungeon)

   It inflicts extra damage upon your enemies.
   It protects you from poison.
   It lets you turn invisible.
   It makes you less stealthy.
 b - a +0 hunting sling
 M - a +0 scimitar of flaming
Missiles
 i - 270 stones
 k - 85 sling bullets
 m - 66 poisoned darts
 L - 19 boomerangs
Armour
 d - a +0 kite shield
 y - a +1 robe of resistance (worn)
 G - a +0 pair of gloves (worn)
 H - a +0 cloak (worn)
 I - a cursed +0 pair of boots (worn)
Jewellery
 r - an uncursed amulet of regeneration
 u - a cursed +4 ring of evasion (left hand)
 A - an amulet of faith (around neck)
 J - a ring of magical power (right hand)
Scrolls
 p - 2 scrolls of fog
 x - 4 scrolls of remove curse
 B - a scroll of vulnerability {unknown}
 C - 6 scrolls of magic mapping
 K - a scroll of immolation
Potions
 c - a potion of resistance {unknown}
 h - 4 potions of flight
 j - a potion of magic {unknown}
 l - a potion of heal wounds {unknown}
 n - a potion of invisibility {unknown}
 q - 2 potions of brilliance {unknown}
 t - a potion of degeneration {unknown}
 v - a potion of might {unknown}
 D - 5 potions of curing
 E - 4 potions of lignification


   Skills:
 - Level 5.0 Fighting
 - Level 5.0 Armour
 - Level 3.0 Dodging
 - Level 2.4 Stealth
 * Level 5.9 Shields
 - Level 7.0 Spellcasting
 - Level 6.0 Conjurations
 - Level 9.0 Necromancy
 - Level 5.0 Fire Magic
 - Level 4.0 Air Magic
 - Level 4.0 Poison Magic


You had 6 spell levels left.
You knew the following spells:

 Your Spells              Type           Power        Failure   Level
a - Searing Ray           Conj           100%         4%          2
b - Conjure Flame         Conj/Fire      50%          8%          3
c - Magic Dart            Conj           100%         3%          1
d - Vampiric Draining     Necr           33%          3%          3
e - Mephitic Cloud        Conj/Pois/Air  45%          10%         3
h - Dispel Undead         Necr           66%          6%          4
z - Sublimation of Blood  Necr           33%          1%          2

Your spell library contained the following spells:

 Spells                   Type           Power        Failure   Level
 Animate Skeleton         Necr           100%         1%          1
 Pain                     Necr           100%         1%          1
 Animate Dead             Necr           33%          6%          4
 Agony                    Necr           66%          13%         5
 Excruciating Wounds      Necr           33%          13%         5
 Dazzling Flash           Conj/Hex       66%          16%         3
 Apportation              Tloc           24%          19%         1
 Corona                   Hex            13%          19%         1
 Summon Small Mammal      Summ           48%          19%         1
 Call Imp                 Summ           12%          24%         2
 Slow                     Hex            12%          24%         2
 Fulminant Prism          Conj/Hex       16%          41%         4
 Iskenderun's Mystic Bla  Conj/Tloc      33%          41%         4
 Simulacrum               Ice/Necr       22%          96%         6
 Blink                    Tloc           Unusable     N/A         2

Dungeon Overview and Level Annotations

Branches:
Dungeon (9/15)             Temple (1/1) D:5            Lair (0/6) D:9
    Orc (1/2) D:9           Sewer (visited)

Altars:
Ashenzari
Cheibriados
Dithmenos
Elyvilon
Fedhas
Gozag
Hepliaklqana
Kikubaaqudgha
Makhleb
Nemelex Xobeh
Okawaru
Qazlal
Ru
Sif Muna
Trog
Uskayaw
Vehumet
Wu Jian
Xom
Yredelemnul
Zin
The Shining One
Beogh

Shops:
D:4 }:[   D:7 (   Orc:1 [

Portals:
Bailey: Orc:1

Annotations:
D:4 exclusion: earth elemental
D:8 exclusion: oklob plant


Innate Abilities, Weirdness & Mutations

You cannot be hasted, slowed, berserked, paralysed or teleported.
You can dig through walls and to a lower floor.
Your four strong arms can wield two-handed weapons with a shield.
You have a pair of large antennae on your head. (SInv)
You have sharp toenails.
You passively map a small area around you.
Your spells are harder to cast, but more powerful.


Message History

t - Shout!
Orders for allies: a - Attack new target. r - Retreat! s - Stop attacking. g - Guard the area. f - Follow me.
Anything else - Cancel.
You shout for attention!
You hear a shout!
A stone giant comes into view.
Found a stone staircase leading down.
The stone giant throws a large rock.
The large rock hits you!!
You see here a large rock.
The stone giant throws a large rock.
The large rock hits you!!
You see here a large rock.
Okay, then.
The stone giant throws a large rock.
The large rock hits you!!
You die...
Kikubaaqudgha rasps: "You have failed me!
Welcome... death!"

..#...#.## ** ......##.## **,
#......##.## *,, ......#.##.###
**, ..#.####.##..## ### **
...####.#.##☼.###.#### *,
....##...##.#†.#...#.## *******
....#...##^..#........# **,*,,*,
........#.#..##.@.....#***,,,,,,,
..............#..(...##*,*,,,,,,,
.#.#..........##..(...#,,,*,*,,,,
.......#.##...,#..........,,,,,,,
.#....#####...#.........>.,,,,,,*
..#..$.# ##..##.##.......,,,,**,
.##...## *,,,...,#......,,,,,,,
#*##.## **,#...,,...C..,,,,,*,
*##...# **#..*,,......,,,,,,*


You could see a stone giant.

Vanquished Creatures
  Erica (D:9)
  A two-headed ogre (D:9)
  Joseph (D:8)
  Psyche (D:9)
  Prince Ribbit (D:3)
  A hornet (D:8)
  Grinder (D:5)
  3 yaks (D:9)
  A wyvern (D:9)
  A warg (Orc:1)
  11 orc warriors
  2 hornet zombies
  An ice beast (D:9)
  4 sky beasts
  9 ogres
  A necrophage (D:9)
  Blork the orc (D:4)
  3 big kobolds
  2 bullfrogs
  2 scorpions
  A howler monkey (D:9)
  A centaur zombie (D:5)
  4 bullfrog zombies
  A quasit (D:6)
  A centaur skeleton (D:8)
  10 orc priests
  2 hounds
  An iguana (D:6)
  A jelly (D:5)
  A bullfrog skeleton (D:5)
  14 orc wizards
  7 worker ants
  A hound zombie (D:4)
  A howler monkey zombie (D:7)
  11 gnolls
  7 adders
  12 river rats
  2 shadow imps
  2 ufetubi
  3 adder zombies
  4 worms
  3 dart slugs (D:1)
  4 leopard geckos
  61 orcs
  8 giant cockroaches
  12 hobgoblins
  10 jackals
  14 kobolds
  5 quokkas
  4 ball pythons
  12 bats
  7 frilled lizards
  4 goblins
  A leopard gecko skeleton (D:4)
  3 leopard gecko zombies
  A quokka zombie (D:5)
  22 rats
306 creatures vanquished.

Vanquished Creatures (others)
  5 withered plants (D:4)
5 creatures vanquished.

Grand Total: 311 creatures vanquished

Notes
Turn   | Place    | Note
-------+----------+-------------------------------------------
     0 | D:1      | DildoBatman the Formicid Conjurer began the quest for the
                  | Orb.
     0 | D:1      | Reached XP level 1. HP: 13/13 MP: 3/3
   154 | D:1      | Reached XP level 2. HP: 19/19 MP: 0/5
   157 | D:1      | Learned a level 2 spell: Searing Ray
   374 | D:1      | Reached XP level 3. HP: 25/25 MP: 4/6
   560 | D:1      | Reached skill level 1 in Fighting
   560 | D:1      | Reached skill level 1 in Armour
  1216 | D:2      | Reached XP level 4. HP: 32/32 MP: 2/8
  1286 | D:2      | Reached XP level 5. HP: 35/38 MP: 0/9
  1667 | D:3      | Found a sparkling altar of Nemelex Xobeh.
  1834 | D:3      | Reached XP level 6. HP: 43/44 MP: 1/11
  2138 | D:4      | Found an iron altar of Okawaru.
  2138 | D:4      | Found a glowing golden altar of the Shining One.
  2138 | D:4      | Found a blossoming altar of Fedhas.
  2173 | D:4      | Found a stormy altar of Qazlal.
  2173 | D:4      | Noticed a water elemental
  2198 | D:4      | Reached skill level 5 in Conjurations
  2221 | D:4      | Found Pobri's Book Emporium.
  2229 | D:4      | Found Von Fode's Antique Armour Boutique.
  2296 | D:4      | Found a glowing drain.
  2304 | Sewer    | Entered a sewer
  2412 | Sewer    | Reached XP level 7. HP: 34/50 MP: 13/13
  2432 | Sewer    | Found a white marble altar of Elyvilon.
  2544 | D:5      | Entered Level 5 of the Dungeon
  2559 | D:5      | Noticed Grinder
  2577 | D:5      | Reached skill level 5 in Spellcasting
  2646 | D:5      | Noticed Blork the orc
  2648 | D:5      | Found a basalt altar of Yredelemnul.
  2655 | D:5      | Noticed Prince Ribbit
  2952 | D:5      | Found a staircase to the Ecumenical Temple.
  2959 | Temple   | Entered the Ecumenical Temple
  3094 | Temple   | Became a worshipper of Kikubaaqudgha
  3141 | D:5      | Killed Grinder
  3142 | D:5      | Reached XP level 8. HP: 52/56 MP: 6/17
  3538 | D:4      | Killed Blork the orc
  3769 | D:4      | Reached * piety under Kikubaaqudgha
  3769 | D:4      | Identified Kikubaaqudgha's Reference Book on Sinister
                  | Rituals (Kikubaaqudgha gifted it to you on level 4 of the
                  | Dungeon)
  3769 | D:4      | Received a gift from Kikubaaqudgha
  3786 | D:4      | Reached skill level 1 in Necromancy
  3942 | D:4      | Learned a level 2 spell: Sublimation of Blood
  3946 | D:4      | Learned a level 3 spell: Vampiric Draining
  3964 | D:4      | Noticed an air elemental
  3993 | D:4      | Noticed a fire elemental
  4010 | D:4      | Reached skill level 2 in Necromancy
  4165 | D:4      | Got a scorched hand axe
  4166 | D:4      | Identified the +7 hand axe "Fefateyd" {vorpal, +Inv rPois
                  | Stlth-} (You found it on level 4 of the Dungeon)
  4199 | D:4      | Found Weheac's Gadget Shop.
  4394 | D:3      | Killed Prince Ribbit
  4395 | D:3      | Reached skill level 3 in Necromancy
  4395 | D:3      | Reached XP level 9. HP: 51/66 MP: 12/19
  4429 | D:6      | Reached ** piety under Kikubaaqudgha
  4528 | D:6      | Reached skill level 5 in Fighting
  4528 | D:6      | Reached skill level 5 in Armour
  4528 | D:6      | Reached skill level 4 in Necromancy
  4651 | D:6      | Reached skill level 5 in Necromancy
  4754 | D:6      | Reached *** piety under Kikubaaqudgha
  4754 | D:6      | Identified Kikubaaqudgha's Volume of Stolen Souls
                  | (Kikubaaqudgha gifted it to you on level 6 of the Dungeon)
  4754 | D:6      | Received a gift from Kikubaaqudgha
  4882 | D:6      | Learned a level 4 spell: Dispel Undead
  4957 | D:6      | Learned a level 3 spell: Conjure Flame
  4961 | D:6      | Learned a level 3 spell: Mephitic Cloud
  5120 | D:7      | Reached skill level 1 in Poison Magic
  5154 | D:7      | Reached skill level 1 in Fire Magic
  5155 | D:7      | Reached skill level 1 in Air Magic
  5249 | D:7      | Reached skill level 6 in Necromancy
  5559 | D:7      | Reached XP level 10. HP: 65/74 MP: 20/20
  5570 | D:7      | Found Rualyvil's Weapon Shop.
  5962 | D:8      | Noticed Joseph
  6003 | D:8      | Killed Joseph
  6096 | D:7      | Reached **** piety under Kikubaaqudgha
  6289 | D:8      | Found a blossoming altar of Fedhas.
  6292 | D:8      | Noticed an oklob plant
  6812 | D:8      | Found a snail-covered altar of Cheibriados.
  7350 | D:9      | Noticed Psyche
  7357 | D:9      | Killed Psyche
  7357 | D:9      | Reached ***** piety under Kikubaaqudgha
  7358 | D:9      | Reached skill level 7 in Necromancy
  7488 | D:9      | Noticed a two-headed ogre
  7499 | D:9      | Killed a two-headed ogre
  7590 | D:9      | Reached skill level 5 in Fire Magic
  7626 | D:9      | Reached skill level 8 in Necromancy
  7626 | D:9      | Reached XP level 11. HP: 49/79 MP: 19/21
  7799 | D:9      | Found a staircase to the Lair.
  7834 | D:9      | Found a roughly hewn altar of Beogh.
  7834 | D:9      | Found a staircase to the Orcish Mines.
  7845 | D:9      | Reached skill level 9 in Necromancy
  7904 | D:9      | Reached skill level 1 in Shields
  8196 | D:9      | Noticed Erica
  8208 | D:9      | Killed Erica
  8282 | D:9      | Gained mutation: Your mind is acute. (Int +2) [potion of
                  | mutation]
  8282 | D:9      | Gained mutation: Your spells are a little harder to cast,
                  | but a little more powerful. [potion of mutation]
  8282 | D:9      | Gained mutation: You possess an exceptional clarity of
                  | mind. [potion of mutation]
  8283 | D:9      | Lost mutation: Your spells are a little harder to cast, but
                  | a little more powerful. [potion of mutation]
  8283 | D:9      | Lost mutation: Your mind is acute. (Int +2) [potion of
                  | mutation]
  8283 | D:9      | Lost mutation: You possess an exceptional clarity of mind.
                  | [potion of mutation]
  8283 | D:9      | Gained mutation: You are robust. (+10% HP) [potion of
                  | mutation]
  8283 | D:9      | Gained mutation: You occasionally shout uncontrollably at
                  | your foes. [potion of mutation]
  8283 | D:9      | Gained mutation: You passively map a small area around you.
                  | [potion of mutation]
  8283 | D:9      | Gained mutation: You are agile. (Dex +2) [potion of
                  | mutation]
  8284 | D:9      | Lost mutation: You occasionally shout uncontrollably at
                  | your foes. [potion of mutation]
  8284 | D:9      | Lost mutation: You are agile. (Dex +2) [potion of mutation]
  8284 | D:9      | Lost mutation: You are robust. (+10% HP) [potion of
                  | mutation]
  8284 | D:9      | Gained mutation: Your spells are a little harder to cast,
                  | but a little more powerful. [potion of mutation]
  8284 | D:9      | Gained mutation: You have sharp toenails. [potion of
                  | mutation]
  8284 | D:9      | Gained mutation: Your spells are harder to cast, but more
                  | powerful. [potion of mutation]
  8314 | Orc:1    | Entered Level 1 of the Orcish Mines
  8353 | Orc:1    | Reached skill level 5 in Shields
  8446 | Orc:1    | Found a flagged portal.
  8476 | Orc:1    | Found Wiotic's Antique Armour Emporium.
  8561 | Orc:1    | Noticed a stone giant
  8564 | Orc:1    | Hit by a large rock thrown by a stone giant

Illustrated notes

Levels and vault maps discovered:
D:1:      dpeg_arrival_radiant, layout_basic
D:2:      layout_rooms, minmay_stone_trees_small
D:3:      layout_rooms, nemelex_diamond_rough_becter
D:4:      layout_basic, nicolae_qazlal_style_of_elements,
          nicolae_overflow_hidden_temple, serial_undead, serial_undead_e,
          serial_undead_b, serial_undead_e, serial_undead_f, serial_shops,
          kennysheep_mini, shop, shop, portal_sewer_entry_e
D:5:      layout_rooms, nicolae_overflow_crystal_walls,
          minmay_temple_entry_junction, uniq_blork_the_orc, uniq_grinder,
          uniq_prince_ribbit1
D:6:      layout_rooms
D:7:      layout_cave_pools, serial_shops, kennysheep_mini_moat,
          grunt_decor_junction, nicolae_benzene_ring, dk_rats_in_the_wall
D:8:      layout_layer_cave, lemuel_doored_altar, hangedman_tree_tricks,
          uniq_joseph
D:9:      layout_roguey, lair_entry_dummy, david_orc_5, uniq_erica, uniq_psyche
Temple:   compressed_dpeg_circular_temple
Orc:1:    layout_caves, enter_bailey_8, serial_shops, nicolae_shop_behind_doors,
          elves_outpost_lemuel

Skill      XL: |  1  2  3  4  5  6  7  8  9 10 11 |
---------------+----------------------------------+-----
Conjurations   | 4 5 6 |  6.0
Fighting       | 1 2 4 5 |  5.0
Armour         | 1 2 4 5 |  5.0
Spellcasting   | 3 4 6 7 |  7.0
Necromancy     | 3 6 8 9 |  9.0
Poison Magic   | 2 4 |  4.0
Fire Magic     | 1 5 |  5.0
Air Magic      | 1 4 |  4.0
Dodging        | 3 |  3.0
Shields        | 5 |  5.9
Stealth        | |  2.4

Action                   |  1- 3 |  4- 6 |  7- 9 | 10-12 || total
-------------------------+-------+-------+-------+-------++-------
Melee: Club              |    63 |    22 |       |       ||    85
       Falchion          |       |    12 |       |       ||    12
       Rapier            |       |    16 |       |       ||    16
       Dagger            |       |    65 |    29 |       ||    94
       Whip              |       |       |     1 |       ||     1
       Hand axe          |       |       |    62 |   181 ||   243
 Fire: Hunting sling     |       |       |    76 |     3 ||    79
 Cast: Magic Dart        |    45 |    13 |     9 |       ||    67
       Searing Ray       |     3 |    15 |    57 |    17 ||    92
       Vampiric Draining |       |       |     3 |    25 ||    28
       Conjure Flame     |       |       |     1 |    15 ||    16
       Mephitic Cloud    |       |       |     1 |    16 ||    17
       Dispel Undead     |       |       |       |     1 ||     1
 Abil: Dig               |     5 |    15 |    25 |    44 ||    89
  Use: Scroll            |       |     5 |     5 |     8 ||    18
       Potion            |       |     1 |       |     3 ||     4
 Stab: Sleeping          |     3 |       |       |       ||     3
       Confused          |       |       |       |     4 ||     4
Armor: Robe              |    28 |    11 |    24 |    17 ||    80
       Leather armour    |       |       |       |    21 ||    21
Dodge: Dodged            |    57 |    96 |   123 |   137 ||   413
       Rpst.: Falchion   |       |     6 |       |       ||     6
